 Dungeon Crawl Stone Soup version 0.27-a0-906-g0a00ce863d (webtiles) character file.

Game seed: 7236056343198871860

40 Lanoc the Caller (level 3, -1/31 HPs)
             Began as an Ogre Summoner on Apr 7, 2021.
             Was a Follower of the Shining One.
             Slain by a goblin
             ... wielding a +0 club
             ... led by Robin
              (3 damage)
             ... on level 2 of the Dungeon.
             The game lasted 00:03:21 (2053 turns).

Lanoc the Caller (Ogre Summoner)                    Turns: 2053, Time: 00:03:21

Health: -1/31      AC:  3    Str: 12    XL:     3   Next: 50%
Magic:  3/6        EV: 10    Int: 17    God:    the Shining One [*.....]
Gold:   80         SH:  0    Dex:  9    Spells: 1/6 levels left

rFire    . . .     SeeInvis .   (no weapon)
rCold    . . .     Faith    .   (no shield)
rNeg     . . .     Spirit   .   a - +0 robe
rPois    .         Reflect  .   (helmet restricted)
rElec    .         Harm     .   (no cloak)
rCorr    .         Rampage  .   (gloves unavailable)
Will     .....                  (boots unavailable)
Stlth    +.........             (no amulet)
HPRegen  0.10/turn              (no ring)
MPRegen  0.10/turn              (no ring)

@: glowing
A: large, unfitting armour, tough skin 1
a: Renounce Religion


You were on level 2 of the Dungeon.
You worshipped the Shining One.
The Shining One was aware of your devotion.
You visited 1 branch of the dungeon, and saw 2 of its levels.

You collected 80 gold pieces.

Inventory:

Missiles
 f - 2 datura-tipped darts
Armour
 a - a +0 robe (worn)
Scrolls
 c - a scroll of enchant weapon {unknown}
 e - a scroll of identify {unknown}
Potions
 b - 2 potions of curing {unknown}
 d - a potion of degeneration {unknown}


   Skills:
 + Level 2.4 Dodging
 - Level 1.4 Stealth
 - Level 2.4 Spellcasting
 * Level 4.3 Summonings


You had one spell level left.
You knew the following spells:

 Your Spells              Type           Power      Damage    Failure   Level
a - Magic Dart            Conj           8%         1d3       19%         1
g - Call Canine Familiar  Summ           17%        N/A       9%          3
h - Summon Small Mammal   Summ           68%        N/A       3%          1

Your spell library contained the following spells:

 Spells                   Type           Power      Damage    Failure   Level
 Call Imp                 Summ           17%        N/A       4%          2
 Summon Guardian Golem    Hex/Summ       9%         N/A       22%         3
 Blink                    Tloc           N/A        N/A       28%         2
 Slow                     Hex            2%         N/A       28%         2
 Confusing Touch          Hex            2%         N/A       50%         3
 Conjure Flame            Conj/Fire      2%         6-21      50%         3
 Gell's Gravitas          Tloc           1%         N/A       50%         3
 Mephitic Cloud           Conj/Pois/Air  2%         N/A       50%         3
 Summon Ice Beast         Ice/Summ       9%         N/A       58%         4
 Summon Lightning Spire   Summ/Air       9%         N/A       58%         4
 Petrify                  Tmut/Erth      2%         N/A       88%         4
 Metabolic Englaciation   Hex/Ice        1%         N/A       99%         5
 Yara's Violent Unravell  Hex/Tmut       1%         3d3       99%         5


Dungeon Overview and Level Annotations

Branches:
Dungeon (2/15)

Altars:
The Shining One

Shops:
D:2 (

Annotations:
D:2 Robin


Innate Abilities, Weirdness & Mutations

You are too large for most types of armour.
You have tough skin. (AC +1)


Message History

You hit the goblin.
The goblin is heavily wounded.
Your hound bites the worm.
The goblin misses you. The worm bites your hound!
Your hound closely misses the worm.
Robin throws the goblin at you!
The goblin unwields a +0 hunting sling.
The goblin wields a +0 club.
The goblin hits you with a +0 club.
Your hound bites the worm.
The worm dies!
A goblin comes into view. It is wielding a +0 dagger.
Robin throws the goblin at you! The goblin hits you with a +0 club!
The goblin unwields a +0 club.
The goblin wields a +0 hunting sling.
The goblin shoots a stone.
The stone barely misses you.
A hobgoblin comes into view.
The goblin hits you with a +0 club.
A goblin comes into view. It is wielding a +0 dagger.
The goblin hits you but does no damage.
Robin roars a battlecry!
Your hound closely misses the goblin.
A goblin comes into view. It is wielding a +0 club.
You hear a shout! x2
A hobgoblin comes into view.
The hobgoblin shouts!
Your hound bites Robin but does no damage.
The goblin hits you but does no damage.
A goblin comes into view. It is wielding a +0 dagger of draining.
The goblin barely misses your hound. Robin throws the goblin at you!
Your hound barely misses the goblin.
The goblin unwields a +0 dagger of draining.
The goblin wields a +0 hunting sling.
The goblin shoots a sling bullet.
The sling bullet hits you!
* * * LOW HITPOINT WARNING * * *
The goblin shoots a stone.
The stone hits you.
* * * LOW HITPOINT WARNING * * *
Robin flexes a bicep menacingly.
Robin throws the goblin at you! The goblin closely misses you.
You barely miss the goblin. The goblin closely misses you.
Your hound barely misses the goblin.
A goblin comes into view. It is wielding a +0 dagger.
The goblin hits you with a +0 club.
You die...

..# #.# #......#........
#.# ##.# ########.#######
#.# #..# #.# #.# #.## ##'##
#.# #.# ##...## #.# #.###
##.....## ..# ##.#.##
##g......#
########.....####gg.g..†..#
...............g@g$.......+
######.#.†...###gggh......#
.# #.##......##.#.......##
.# ## #.###.###.##gg...##
.# ..# .# #.###...... .#
##.# .# #.# #g#### .# #..
..# g# .# ### ### # .#


You could see Robin, 2 hobgoblins, 10 goblins and a friendly hound (summoned).

Vanquished Creatures
  An adder (D:2)
  2 dart slugs
  A bat (D:2)
  An endoplasm (D:2)
  4 giant cockroaches
  3 hobgoblins (D:1)
  A quokka (D:2)
  2 ball pythons (D:1)
  2 frilled lizards (D:2)
  A kobold (D:1)
  2 rats (D:1)
20 creatures vanquished.

Vanquished Creatures (collateral kills)
  2 worms (D:2)
  A bat (D:1)
  An endoplasm (D:1)
  2 giant cockroaches (D:1)
  A quokka (D:1)
  A frilled lizard (D:1)
8 creatures vanquished.

Grand Total: 28 creatures vanquished

Notes
Turn   | Place    | Note
-------+----------+-------------------------------------------
     0 | D:1      | Lanoc the Ogre Summoner began the quest for the Orb.
     0 | D:1      | Reached XP level 1. HP: 16/16 MP: 3/3
   173 | D:1      | Found a faded altar of an unknown god.
   183 | D:1      | Became a worshipper of the Shining One
   183 | D:1      | Reached * piety under the Shining One
   464 | D:1      | Reached XP level 2. HP: 18/24 MP: 5/5
   664 | D:1      | Reached skill level 4 in Summonings
   844 | D:1      | Learned a level 1 spell: Magic Dart
  1523 | D:2      | Found Xuivo's Weapon Emporium.
  1532 | D:2      | Reached XP level 3. HP: 31/31 MP: 2/6
  1901 | D:2      | Learned a level 3 spell: Call Canine Familiar
  2042 | D:2      | Noticed Robin
  2053 | D:2      | Slain by a goblin

Illustrated notes

Levels and vault maps discovered:
D:1:      minmay_arrival_four_circles, layout_basic, basic_ecumenical_altar,
          minmay_worlds_worst_comb
D:2:      layout_loops_corners, serial_shops, nicolae_shop_stone,
          minmay_indecisive_spiral, uniq_robin

Skill      XL: |  1  2 |
---------------+-------+-----
Dodging        | 2 |  2.4
Summonings     | 4 |  4.3
Stealth        | |  1.4
Spellcasting   | |  2.4

Action                   || total
-------------------------++-------
Melee: Unarmed           ||    89
 Cast: Summon Small Mamm ||    22
       Magic Dart        ||    24
       Call Canine Famil ||     1
Armor: Robe              ||    39
Dodge: Dodged            ||    53

Table legend: (Time is in decaauts)
 A = Elapsed time spent in this place.
 B = Non-inter-level travel time spent in this place.
 C = Inter-level travel time spent in this place.
 D = Time resting spent in this place.
 E = Time spent auto-exploring this place.
 F = Levels seen in this place.
 G = Mean time per level.
                   A        B        C        D        E       F      G
               +--------+--------+--------+--------+--------+-----+--------+
         Total |   2052 |   2044 |      8 |      0 |   1803 |   2 | 1026.0 |
       Dungeon |   2052 |   2044 |      8 |      0 |   1803 |   2 | 1026.0 |
               +--------+--------+--------+--------+--------+-----+--------+

Top non-repeatable levels by time:
     D:1: 1358 daAuts
     D:2: 694 daAuts
